AoeStats
← Golquiper

Arena

509943990Analyzed
1v1 RM · 3d ago on Sep 28, 2026· 47m 22s· 2 players
Game mode
Random Map
Map size
Tiny (2 player)
Population
200
Speed
Normal
Resources
Standard
Victory
Conquest
Starting age
Dark Age
Ending age
Imperial Age
RankedLock teamsTeams togetherTeam positionsShared explorationLock speedFull tech treeHidden civsTurbo modeCheats
Victory
Defeat
🇫🇷 Burgundians · France
968
+14
🇪🇸 Khmer · Spain
914
-14
Golquiper
11:10 Feudal Age
15:41 Castle Age
13:44 Double-Bit Axe
13:42 Horse Collar
14:05 Gold Mining
17:43 Wheelbarrow
18:01 Town Watch
18:53 Bow Saw
21:29 Gold Shaft Mining
21:00 Heavy Plow
20:53 Pikeman
23:14 Arson
23:56 Scale Mail Armor
24:50 Ballistics
26:20 Hand Cart
28:33 Fortified Wall
30:22 Stone Mining
30:24 Man-at-Arms
32:57 Chain Mail Armor
32:53 Forging
35:42 Imperial Age
33:28 Masonry
35:26 Iron Casting
34:41 Fletching
34:53 Padded Archer Armor
36:42 Double Crossbow
37:04 Conscription
37:22 Hoardings
36:22 Heavy Scorpion
37:12 Bodkin Arrow
38:59 Chemistry
38:05 Siege Engineers
37:36 Halberdier
39:43 Architecture
42:46 Bloodlines
42:38 Husbandry
41:58 Light Cavalry
44:18 Hussar
45:10 Scale Barding Armor
45:11 Hussar
47:11 Hussar
Triton
9:39 Feudal Age
9:37 Double-Bit Axe
16:10 Castle Age
14:13 Horse Collar
15:25 Bow Saw
21:25 Heavy Plow
23:07 Loom
24:00 Stone Mining
27:16 Stone Shaft Mining
26:34 Gold Mining
27:46 Two-Man Saw
27:57 Forging
27:53 Scale Barding Armor
28:45 Gold Shaft Mining
32:38 Imperial Age
30:31 Husbandry
30:07 Cavalier
31:59 Iron Casting
31:45 Chain Barding Armor
34:39 Chemistry
33:53 Burgundian Vineyards
34:11 Conscription
33:33 Elite Coustillier
38:58 Paladin
40:03 Light Cavalry
43:59 Ballistics
45:57 Hussar
Connection lost

Rejoining the realm…

Still unreachable

The connection could not be restored.

Session expired

The server has moved on; the page needs a fresh start.